Match 47401466
Unlisted

Match 47401466
End
Pioneer Squad
Construct Infanterie Kompanie
Selects Breakthrough Battlegroup
Selects Assault Grenadiers
Grenadier Squad
Grenadier Squad
Grenadier Squad
Infanterie Officer Quarters
Grenadier Squad
Construct Luftwaffe Kompanie
221 Scout Car
Selects Rapid Production
Jäger Squad
Selects Breakthrough
Selects Mechanized Assault Group
Mechanized Assault Group
Support Elements
Wirbelwind Flakpanzer
Selects Blitzkrieg
Marder III M Tank Destroyer
Wirbelwind Flakpanzer
Wirbelwind Flakpanzer
Blitzkrieg
Luftwaffe Officer Quarters
Marder III M Tank Destroyer
Blitzkrieg
Jäger Squad
el campo
MaXiS
Hunter
SNIPER
0
0

Comments sign in to comment!

No comments posted yet!